 Dungeon Crawl Stone Soup version 0.24-a0-630-g0d56a851f4 (webtiles) character file.

Game seed: 2901900441425335101, levelgen mode: deterministic

520 Ijustatesigmund the Cleaver (level 7, 0/57 HPs)
             Began as a Minotaur Monk on Sept 19, 2019.
             Slain by a mummy (6 damage)
             ... in an ossuary.
             The game lasted 00:05:24 (2819 turns).

Ijustatesigmund the Cleaver (Minotaur Monk)         Turns: 2819, Time: 00:05:25

Health: 0/57       AC: 13    Str: 15    XL:     7   Next: 1%
Magic:  6/6        EV:  6    Int: 12    God:
Gold:   191        SH:  0    Dex: 15    Spells: 6/6 levels left

rFire    . . .     SeeInvis .   a - +0 war axe
rCold    . . .     Gourm    .   (no shield)
rNeg     . . .     Faith    .   b - +0 plate armour
rPois    .         Spirit   .   (helmet restricted)
rElec    .         Reflect  .   p - +0 cloak
rCorr    .         Harm     .   (no gloves)
MR       .....     Rnd*Tele +   (no boots)
Stlth    ..........             (no amulet)
HPRegen  0.19/turn              m - ring of teleportation (curse)
MPRegen  0.10/turn              (no ring)

@: brilliant, very slightly contaminated, invisible
A: retaliatory headbutt, horns 2
a: no special abilities


You were in an ossuary.
You were not hungry.

You visited 1 branch of the dungeon, and saw 5 of its levels.
You also visited: Ossuary.

You collected 191 gold pieces.

Inventory:

Hand Weapons
 a - a +0 war axe (weapon)
Armour
 b - a +0 plate armour (worn)
 p - a +0 cloak (worn)
Jewellery
 m - a cursed ring of teleportation (left hand)
Scrolls
 d - 2 scrolls of teleportation
 n - a scroll of random uselessness {unknown}
Potions
 e - a potion of resistance
 f - 2 potions of brilliance
 g - a potion of invisibility
 h - a potion of curing {unknown}
 i - a potion of magic {unknown}
 j - a potion of heal wounds {unknown}
 k - a potion of haste {unknown}
 l - 2 potions of flight {unknown}
 o - 2 potions of agility {unknown}
Comestibles
 c - 5 rations


   Skills:
 - Level 3.6 Fighting
 + Level 8.0 Axes
 + Level 5.1 Armour
 - Level 3.2 Dodging
 - Level 1.5 Stealth


You had 6 spell levels left.
You didn't know any spells.
Your spell library was empty.

Dungeon Overview and Level Annotations

Branches:
Dungeon (5/15)            Ossuary (1/1)
 Temple: D:4-7

Altars:
Trog

Shops:
D:4 (


Innate Abilities, Weirdness & Mutations

You reflexively headbutt those who attack you in melee.
You have a pair of horns on your head.


Message History

You are too injured to fight recklessly!
You are too injured to fight recklessly!
You are too injured to fight recklessly!
You are too injured to fight recklessly!
You are too injured to fight recklessly!
You are too injured to fight recklessly!
You are too injured to fight recklessly!
You are too injured to fight recklessly!
You are too injured to fight recklessly!
You are too injured to fight recklessly!
It was a potion of invisibility.
You fade into invisibility!
The mummy hits you!
* * * LOW HITPOINT WARNING * * *
The mummy completely misses you.
You are very lightly contaminated with residual magic.
It was a potion of brilliance.
You feel clever all of a sudden. The mummy hits you.
You die...

##+##
#...#
#.∩.#
#...#
#.∩.#
##...##
#.@M..#
#M#M#.#
#######


You could see 3 mummies.

Vanquished Creatures
  A phantom (D:3)
  A sky beast (D:4)
  An ogre (D:4)
  A scorpion (D:5)
  An iguana (D:5)
  A worker ant (D:4)
  6 adders
  5 worms
  2 dart slugs (D:1)
  2 leopard geckos
  5 orcs
  3 giant cockroaches
  6 goblins
  10 hobgoblins
  6 jackals
  2 quokkas
  A ball python (D:4)
  8 bats
  4 frilled lizards
  A jackal skeleton (D:4)
  10 kobolds
  A quokka skeleton (D:4)
  A quokka zombie (D:5)
  24 rats
103 creatures vanquished.

Notes
Turn   | Place    | Note
-------+----------+-------------------------------------------
     0 | D:1      | Ijustatesigmund the Minotaur Monk began the quest for the
                  | Orb.
     0 | D:1      | Reached XP level 1. HP: 19/19 MP: 0/0
     6 | D:1      | Reached skill level 4 in Axes
    17 | D:1      | Reached XP level 2. HP: 26/26 MP: 1/1
   305 | D:1      | Reached skill level 5 in Axes
   311 | D:1      | Reached XP level 3. HP: 24/31 MP: 2/2
   900 | D:2      | Noticed a moth of wrath
   903 | D:2      | Found a bloodstained altar of Trog.
  1087 | D:2      | Reached XP level 4. HP: 29/39 MP: 3/3
  1108 | D:2      | Reached skill level 6 in Axes
  1436 | D:2      | Reached skill level 1 in Armour
  1669 | D:3      | Noticed a phantom
  1702 | D:3      | Killed a phantom
  1702 | D:3      | Reached XP level 5. HP: 26/45 MP: 4/4
  1907 | D:3      | Reached skill level 7 in Axes
  2037 | D:4      | Reached XP level 6. HP: 51/51 MP: 5/5
  2115 | D:4      | Noticed a sky beast
  2127 | D:4      | Killed a sky beast
  2695 | D:4      | Found Lacluol's Antique Weapon Emporium.
  2716 | D:5      | Entered Level 5 of the Dungeon
  2740 | D:5      | Reached skill level 8 in Axes
  2740 | D:5      | Reached skill level 5 in Armour
  2740 | D:5      | Reached XP level 7. HP: 49/57 MP: 6/6
  2805 | D:5      | Found a sand-covered staircase.
  2810 | Ossuary  | Entered an ossuary
  2819 | Ossuary  | Slain by a mummy

Levels and vault maps discovered:
D:1:      erik_arrival_orb_chamber, layout_loops_ring
D:2:      layout_loops_ring, tgw_trog
D:3:      layout_rooms, first_ration, feat_on_display
D:4:      layout_basic, serial_shops, kennysheep_mini_moat
D:5:      layout_basic, grunt_temple_overflow_holy_war, serial_shops,
          nicolae_shop_statue_plus, enter_ossuary_2
Ossuary:  ossuary_minmay_chase

Skill      XL: |  1  2  3  4  5  6 |
---------------+-------------------+-----
Axes           | 4 5 6 7 8 |  8.0
Armour         | 3 5 |  5.1
Fighting       | |  3.6
Dodging        | |  3.2
Stealth        | |  1.5

Action                   |  1- 3 |  4- 6 |  7- 9 || total
-------------------------+-------+-------+-------++-------
Melee: Hand axe          |    96 |    20 |       ||   116
       Headbutt          |    13 |    20 |     2 ||    35
       War axe           |       |   124 |     6 ||   130
  Use: Scroll            |     2 |     4 |       ||     6
       Potion            |       |       |     2 ||     2
 Stab: Sleeping          |     2 |       |       ||     2
  Eat: Chunk             |     1 |     3 |       ||     4
       Ration            |       |     1 |       ||     1
Armor: Leather armour    |     4 |       |       ||     4
       Plate armour      |     2 |   103 |     2 ||   107
Dodge: Dodged            |    63 |    32 |     2 ||    97

Table legend:
 A = Non-vault XP
 B = Vault XP
 C = Vault XP percentage of total XP
 D = Non-vault monster count
 E = Vault monster count
 F = Vault count percentage of total count
                 A         B        C        D         E       F
            +---------+---------+-------+---------+---------+-------
      Total |     719 |      25 |   3.4 |      86 |      17 |  16.5
            +---------+---------+-------+---------+---------+-------
        D:1 |      42 |      12 |  22.2 |      24 |      12 |  33.3
        D:2 |      59 |      13 |  18.1 |      19 |       5 |  20.8
        D:3 |     227 |       0 |   0.0 |      30 |       0 |   0.0
        D:4 |     285 |       0 |   0.0 |      10 |       0 |   0.0
        D:5 |     106 |       0 |   0.0 |       3 |       0 |   0.0
            +---------+---------+-------+---------+---------+-------
